 Dungeon Crawl Stone Soup version 0.20-a0-556-g892c87b (console) character file.

37117 nht the Thrower (level 13, -11/105 HPs)
             Began as a Minotaur Assassin on Feb 6, 2017.
             Was the Champion of Okawaru.
             Killed from afar by a rime drake (28 damage)
             ... with a flash freeze
             ... on level 5 of the Lair of Beasts.
             The game lasted 00:46:55 (16826 turns).

nht the Thrower (Minotaur Assassin)                Turns: 16826, Time: 00:46:55

Health: -11/105    AC: 12    Str: 16    XL:     13   Next: 56%
Magic:  0/16       EV: 14    Int:  8    God:    Okawaru [******]
Gold:   1191       SH:  0    Dex: 17    Spells: 12/12 levels left

rFire    . . .     SeeInvis .   W - +9 scimitar "Bouxte" {slice, MR++}
rCold    . . .     Gourm    .   M - +1 swamp dragon scales
rNeg     . . .     Faith    .   (no shield)
rPois    +         Spirit   +   (helmet restricted)
rElec    .         Reflect  .   n - +2 cloak {MR+}
rCorr    .         Harm     .   (no gloves)
MR       ++++.                  (no boots)
Stlth    ++++++....             B - amulet of guardian spirit
Regen    0.3/turn               R - ring of stealth
                                F - ring of protection from magic

@: lethally poisoned (-11 -> -17), about to teleport, heroism, very slightly
contaminated
A: retaliatory headbutt, horns 2, talons 1
a: Heroism, Finesse, Renounce Religion


You were on level 5 of the Lair of Beasts.
You worshipped Okawaru.
Okawaru was exalted by your worship.
You were not hungry.

You visited 3 branches of the dungeon, and saw 16 of its levels.
You also visited: Labyrinth.

You collected 1191 gold pieces.

Inventory:

Hand Weapons
 a - a +2 short sword of venom
 b - a +1 blowgun
 D - a +2 scimitar of protection
 W - the +9 scimitar "Bouxte" (weapon) {slice, MR++}
   (You found it on level 5 of the Lair of Beasts)

   It inflicts extra damage upon your enemies.
   It affects your resistance to hostile enchantments.
Missiles
 e - 63 poisoned needles
 w - 3 needles of sleeping
 z - 8 needles of paralysis
 O - 2 steel tomahawks
 P - 3 curare-tipped needles
 T - 5 needles of confusion
 U - 2 javelins (quivered)
 Y - 4 poisoned tomahawks
 Z - 13 javelins of returning
Armour
 n - a +2 cloak of magic resistance (worn)
 y - a +0 robe of resistance
 M - +1 swamp dragon scales (worn)
Jewellery
 o - an uncursed ring of fire
 B - an amulet of guardian spirit (around neck)
 F - a ring of protection from magic (left hand)
 N - an uncursed ring of flight
 R - a ring of stealth (right hand)
Wands
 f - a wand of acid (3/15)
 E - a wand of clouds (4/9)
 J - a wand of acid (4/15)
 S - a wand of flame (4/48)
Scrolls
 h - 8 scrolls of remove curse
 j - 15 scrolls of teleportation
 k - 9 scrolls of identify
 m - 3 scrolls of fear
 q - a scroll of recharging
 u - a scroll of enchant weapon
 v - 3 scrolls of magic mapping
 x - 2 scrolls of enchant armour
 K - 2 scrolls of blinking
Potions
 d - 3 potions of curing
 p - a potion of flight
 r - 3 potions of cure mutation
 C - 3 potions of agility
 G - a potion of might
 H - 2 potions of haste
 I - 2 potions of heal wounds
 L - a potion of invisibility
 Q - a potion of cancellation
Books
 l - a book of Ice

   Spells                             Type                      Level
   a - Ice Form                       Ice/Transmutation            4
   b - Metabolic Englaciation         Hexes/Ice                    5
   c - Ozocubu's Refrigeration        Ice                          6
   d - Bolt of Cold                   Conjuration/Ice              6
   e - Freezing Cloud                 Conjuration/Ice/Air          6
   f - Simulacrum                     Ice/Necromancy               6
Comestibles
 c - 9 royal jellies
 g - 9 bread rations
 i - 6 fruits
 s - 6 chunks of flesh
 t - 7 meat rations


   Skills:
 - Level 7.0(12.0) Fighting
 - Level 13.5(19.0) Short Blades
 + Level 7.4(17.0) Long Blades
 - Level 14.8(19.8) Throwing
 - Level 1.1(6.1) Dodging
 - Level 8.6(13.6) Stealth
 - Level 5.4 Invocations


You had 12 spell levels left.
You didn't know any spells.

Dungeon Overview and Level Annotations

Branches:
Dungeon (10/15)            Temple (1/1) D:6            Lair (5/6) D:10
  Swamp (0/4) Lair:4        Snake (0/4) Lair:2        Slime (0/5) Lair:5
    Orc (0/2) D:9

Altars:
Ashenzari
Cheibriados
Dithmenos
Elyvilon
Fedhas
Gozag
Hepliaklqana
Kikubaaqudgha
Makhleb
Nemelex Xobeh
Okawaru
Qazlal
Ru
Sif Muna
Trog
Uskayaw
Vehumet
Xom
Yredelemnul
Zin
The Shining One

Shops:
D:3 *

Annotations:
Lair:2 exclusion: 2 oklob plants


Innate Abilities, Weirdness & Mutations

You reflexively headbutt those who attack you in melee.
You have a pair of horns on your head.
You have sharp toenails.


Message History

A killer bee comes into view.
The killer bee buzzes angrily.
You slash the meliai!
The meliai is heavily wounded.
The meliai stings you!
* * * LOW HITPOINT WARNING * * *
You are poisoned.
The meliai poisons you!
A killer bee comes into view.
You slash the meliai!
You kill the meliai!
Okawaru accepts your kill.
You feel sick.
Unknown command.
You hit the rime drake. You headbutt the rime drake.
The rime drake is heavily wounded.
You feel sick. The rime drake breathes ice at you. The flash freeze hits you!
You die...

█....█....█.█..███.....
██..█.█.█...██..███....
█..█.█.█.██.██.████...
█.█.█.█.█. █....███...
█.█.█.█..█.█.██..██...
.█████..█.█.██.█...██.███..
........█.█.██..██....███..
..███....█....██.....PP.█..
█..██..█@.██..██..█÷.....
█..██..██k██..██..██.....█.
.██..██.y█.Y██..██..█....█.
..██.yyy hty.██....█....█.
██.y██y█ █lP.P....█...█...
.█ █. ..█████....██.⌠. .█
█.█ ███...█... █. .█
███..... .█ .█ █ ...


You could see a rime drake, a meliai and 5 killer bees.

Vanquished Creatures
  Kirke (Lair:4)
  A minotaur (Lab)
  Josephine (D:10)
  The ghost of DEFE the Corrupter of Planes, a journeyman DEAK of Lugonu (Lair:5)
  3 hydras
  3 two-headed ogres
  Erica (D:10)
  A death yak (Lair:5)
  3 oklob plants (Lair:5)
  4 elephants
  2 black mambas
  10 spiny frogs
  A rime drake (Lair:5)
  6 komodo dragons
  A meliai (Lair:5)
  2 trolls
  9 blink frogs
  A tyrant leech (Lair:4)
  10 hippogriffs
  5 wraiths
  A shadow (D:9)
  28 yaks
  A wyvern (Lair:5)
  3 basilisks
  A human (D:7)
  8 hogs
  3 nagas (Lair:2)
  A swamp worm (Lair:4)
  6 water moccasins
  4 orc warriors
  6 porcupines
  2 sky beasts
  4 ice beasts
  A necrophage (D:9)
  2 black bears
  A phantom (D:10)
  18 wolves
  8 ogres
  A centaur (D:9)
  7 crocodiles
  A big kobold (D:6)
  8 bullfrogs
  3 scorpions
  17 killer bees
  3 wights (D:8)
  2 howler monkeys
  3 electric eels
  2 bullfrog zombies (D:8)
  9 hounds
  A quasit (D:6)
  6 crimson imps
  8 orc priests
  2 bullfrog skeletons
  6 jellies
  9 orc wizards
  A centaur skeleton (D:4)
  4 iguanas
  5 worker ants
  A killer bee zombie (D:5)
  4 hound skeletons
  A worker ant zombie (D:5)
  Robin (D:4)
  2 gnolls
  2 howler monkey skeletons
  6 adders
  3 shadow imps
  An ooze (D:2)
  2 worms
  3 adder skeletons
  2 dart slugs (D:2)
  9 leopard geckos
  25 orcs
  8 giant cockroaches
  13 goblins
  6 hobgoblins
  15 jackals
  10 kobolds
  7 quokkas
  4 ball pythons
  A ball python skeleton (D:4)
  7 bats
  10 frilled lizards
  7 rats
412 creatures vanquished.

Vanquished Creatures (collateral kills)
  A gnoll (D:4)
1 creature vanquished.

Vanquished Creatures (others)
  A gnoll (D:4)
  An orc (D:10)
  5 fungi
  13 plants
20 creatures vanquished.

Grand Total: 433 creatures vanquished

Notes
Turn   | Place    | Note
-------+----------+-------------------------------------------
     0 | D:1      | nht the Minotaur Assassin began the quest for the Orb.
     0 | D:1      | Reached XP level 1. HP: 18/18 MP: 0/0
   322 | D:1      | Reached XP level 2. HP: 25/25 MP: 1/1
   853 | D:2      | Reached XP level 3. HP: 17/30 MP: 2/2
  1086 | D:2      | Found a faded altar of an unknown god.
  1226 | D:3      | Reached XP level 4. HP: 37/37 MP: 3/3
  1290 | D:3      | Reached skill level 5 in Short Blades
  1398 | D:3      | Found Gozag's Platinum Reserve.
  1412 | D:3      | Found an opulent altar of Gozag.
  1489 | D:3      | Found a stormy altar of Qazlal.
  1719 | D:4      | Reached XP level 5. HP: 36/42 MP: 4/4
  2098 | D:4      | Noticed Robin
  2120 | D:4      | Killed Robin
  2177 | D:4      | Noticed an ogre
  2182 | D:4      | Gained mutation: You have sharp toenails. [potion of beneficial mutation]
  2186 | D:4      | Reached XP level 6. HP: 50/50 MP: 5/5
  2375 | D:5      | Entered Level 5 of the Dungeon
  2486 | D:5      | Reached XP level 7. HP: 22/56 MP: 3/6
  3289 | D:5      | Reached skill level 10 in Short Blades
  3660 | D:6      | Reached skill level 3 in Throwing
  3663 | D:6      | Reached XP level 8. HP: 60/62 MP: 7/7
  3706 | D:6      | Found a glowing silver altar of Zin.
  3708 | D:6      | Noticed an angel
  3980 | D:6      | Found a staircase to the Ecumenical Temple.
  3989 | Temple   | Entered the Ecumenical Temple
  4125 | Temple   | Became a worshipper of Warmaster Okawaru
  4266 | D:6      | Reached skill level 4 in Throwing
  4575 | D:6      | Reached skill level 5 in Throwing
  4641 | D:6      | Reached * piety under Okawaru
  4827 | D:6      | Reached skill level 6 in Throwing
  5140 | D:7      | Reached skill level 7 in Throwing
  5213 | D:7      | Noticed a hippogriff
  5239 | D:7      | Killed a hippogriff
  5239 | D:7      | Reached skill level 8 in Throwing
  5239 | D:7      | Reached XP level 9. HP: 62/68 MP: 6/8
  5844 | D:7      | Reached ** piety under Okawaru
  5844 | D:7      | Reached skill level 9 in Throwing
  5913 | D:7      | Reached skill level 10 in Throwing
  6026 | D:8      | Noticed a two-headed ogre
  6065 | D:8      | Killed a two-headed ogre
  6065 | D:8      | Reached skill level 11 in Throwing
  6180 | D:8      | Noticed a two-headed ogre
  6205 | D:8      | Killed a two-headed ogre
  6205 | D:8      | Reached *** piety under Okawaru
  6205 | D:8      | Reached XP level 10. HP: 67/74 MP: 9/9
  7103 | D:9      | Found a staircase to the Orcish Mines.
  7307 | D:9      | Noticed a two-headed ogre
  7324 | D:9      | Found a shadowy altar of Dithmenos.
  7361 | D:9      | Killed a two-headed ogre
  7361 | D:9      | Reached **** piety under Okawaru
  7361 | D:9      | Received a gift from Okawaru
  7429 | D:9      | Received a gift from Okawaru
  7429 | D:9      | Reached skill level 12 in Throwing
  7923 | D:9      | HP: 2/74 [killer bee (3)]
  8083 | D:9      | Found a shattered altar of Ashenzari.
  8089 | D:9      | Found a bloodstained altar of Trog.
  8090 | D:9      | Found a shadowy altar of Dithmenos.
  8373 | D:9      | Found a glowing golden altar of the Shining One.
  8541 | D:10     | Entered Level 10 of the Dungeon
  8541 | D:10     | Noticed Snorg
  8566 | D:10     | Received a gift from Okawaru
  8818 | D:9      | Received a gift from Okawaru
  8848 | D:9      | Reached XP level 11. HP: 41/80 MP: 10/10
  9049 | D:9      | Reached ***** piety under Okawaru
  9252 | D:10     | Found a white marble altar of Elyvilon.
  9632 | D:10     | Reached skill level 1 in Invocations
  9695 | D:10     | Noticed Erica
  9709 | D:10     | Killed Erica
  9770 | D:10     | Noticed Josephine
  9948 | D:10     | Killed Josephine
  9976 | D:10     | Found a staircase to the Lair.
 10263 | D:10     | Reached skill level 5 in Fighting
 10269 | D:10     | Received a gift from Okawaru
 10296 | D:10     | HP: 1/88 [yak (9)]
 10730 | Lair:1   | Entered Level 1 of the Lair of Beasts
 10817 | Lair:1   | Found a labyrinth entrance.
 10833 | Lab      | Entered a labyrinth
 10959 | Lab      | Noticed a minotaur
 10987 | Lab      | Killed a minotaur
 10987 | Lab      | Received a gift from Okawaru
 11024 | Lab      | Identified Wefu's Collected Works on Weightlessness and Conjuration
 11038 | Lab      | Got an ancient ring mail
 11049 | Lab      | Identified the +0 ring mail "Ipuoweig" {Dex+3} (You found it in a labyrinth)
 11067 | Lab      | Got a bloodstained hand crossbow
 11067 | Lab      | Got a bone trident
 11200 | Lair:1   | Reached skill level 5 in Invocations
 11287 | Lair:1   | Reached ****** piety under Okawaru
 11368 | Lair:1   | Noticed a six-headed hydra
 11374 | Lair:1   | Killed a six-headed hydra
 11374 | Lair:1   | Received a gift from Okawaru
 11374 | Lair:1   | Reached XP level 12. HP: 81/97 MP: 6/15
 11962 | Lair:2   | Reached skill level 13 in Throwing
 12338 | Lair:2   | Found a staircase to the Snake Pit.
 12468 | Lair:2   | Reached skill level 5 in Stealth
 13680 | Lair:3   | Reached skill level 14 in Throwing
 14191 | Lair:3   | Noticed a four-headed hydra
 14345 | Lair:3   | Killed a four-headed hydra
 14345 | Lair:3   | Received a gift from Okawaru
 14438 | Lair:4   | Noticed Kirke
 14482 | Lair:4   | Killed Kirke
 14482 | Lair:4   | Reached XP level 13. HP: 95/105 MP: 16/16
 15114 | Lair:4   | Found a staircase to the Swamp.
 15324 | Lair:5   | Received a gift from Okawaru
 15339 | Lair:5   | Noticed DEFE's ghost (journeyman DEAK)
 15350 | Lair:5   | wtf is that AC
 15372 | Lair:5   | Killed DEFE's ghost
 15415 | Lair:5   | Received a gift from Okawaru
 15742 | Lair:5   | Got a twisted scimitar
 15743 | Lair:5   | Identified the +9 scimitar "Bouxte" {slice, MR++} (You found it on level 5 of the Lair of Beasts)
 16012 | Lair:5   | Reached skill level 1 in Long Blades
 16030 | Lair:5   | Found a staircase to the Slime Pits.
 16225 | Lair:5   | Received a gift from Okawaru
 16226 | Lair:5   | Got a bloodstained longbow {god gift}
 16535 | Lair:5   | Reached skill level 5 in Long Blades
 16644 | Lair:5   | Identified the +3 longbow "Laskoz" {velocity, *Contam rPois Str+4 Int+6} (Okawaru gifted it to you on level 5 of the Lair of Beasts)
 16826 | Lair:5   | Killed from afar by a rime drake

Vault maps used:
D:1:      dpeg_arrival_pits, serial_bayou, serial_bayou_pond_a,
          serial_bayou_pond_b, serial_bayou_ford_a, serial_bayou_lagoon_a,
          corexii_corridor_pit, hangedman_decor_peaks_small,
          minmay_misc_feat_square, minmay_heptomino_w4
D:2:      chequers_ecumenical_altar_simple
D:3:      nicolae_gozag_zags_fifth_avenue, grunt_qazlal_sundering
D:4:      uniq_robin
D:5:      first_bread, minmay_lizard_king
D:6:      kennysheep_windowed_halls, zin_angel, temple_fountains
D:7:      grunt_livestock
D:9:      wad_arrow_thing, nicolae_tso_carved_into_rock, minitemple,
          mrwooster_statue_mirror, minivault_14,
          grunt_dithmenos_smoke_and_mirrors
D:10:     lair_entry_dummy, basic_altar, uniq_josephine, uniq_erica, uniq_snorg
Temple:   eino_narrow_crystal_temple
Lair:1:   beast_lair_carwin_large_1, lab_entry_generic
Lair:2:   minmay_snake_entry_guardpost_small, minmay_lair_oklob_chamber,
          grunt_megastairs_1
Lair:4:   minmay_swamp_entry_worms, uniq_kirke
Lair:5:   regret_index_wax_grids, minmay_slime_entry_oklob_open, minmay_holes,
          infiniplex_staircase_pool_2
Lab:      labyrinth_hidden_loot

Skill      XL: |  1  2  3  4  5  6  7  8  9 10 11 12 13 |
---------------+----------------------------------------+-----
Short Blades   | 3 4 5 7 8 10 12 13 | 13.5
Throwing       | 3 8 11 12 14 | 14.8
Fighting       | 6 7 |  7.0
Invocations    | 5 |  5.4
Stealth        | 7 8 |  8.6
Long Blades    | 7 |  7.4
Dodging        | |  1.1

Action                   |  1- 3 |  4- 6 |  7- 9 | 10-12 | 13-15 || total
-------------------------+-------+-------+-------+-------+-------++-------
Melee: Dagger            |    82 |   140 |   357 |       |       ||   579
       Headbutt          |     9 |    23 |    61 |   155 |    73 ||   321
       Kick              |       |     9 |   105 |   254 |    83 ||   451
       Rapier            |       |       |    10 |   516 |       ||   526
       Short sword       |       |       |       |   261 |   124 ||   385
       Scimitar          |       |       |       |       |   107 ||   107
       Punch             |       |       |       |       |     1 ||     1
 Fire: Blowgun           |       |     4 |    33 |    27 |       ||    64
Throw: Javelin           |       |       |     2 |    85 |    27 ||   114
       Tomahawk          |       |       |    13 |   121 |    29 ||   163
Invok: Heroism           |       |       |       |     4 |     2 ||     6
       Finesse           |       |       |       |     1 |       ||     1
Evoke: Wand              |       |     3 |     9 |    17 |     3 ||    32
  Use: Scroll            |       |     5 |     9 |    18 |     2 ||    34
       Potion            |       |     4 |       |     5 |     3 ||    12
 Stab: Sleeping          |     4 |     3 |     6 |     8 |     6 ||    27
       Distracted        |       |       |       |     1 |       ||     1
  Eat: Chunk             |     1 |     4 |    12 |    24 |     9 ||    50
Armor: Robe              |    26 |     3 |       |       |       ||    29
       Leather armour    |       |    23 |    49 |       |       ||    72
       Swamp dragon scal |       |       |    38 |   166 |    50 ||   254
       Skin              |       |       |       |   124 |       ||   124
Dodge: Dodged            |    36 |    76 |   134 |   313 |    65 ||   624
       Rpst.: Scimitar   |       |       |       |       |    12 ||    12
